Map: Nephor I

Players

Xplod

  • Race: Terran Terran
  • Spawn Location: 6:00

Revenant

  • Race: Terran Terran
  • Spawn Location: 7:00

Munir

  • Race: Protoss Protoss
  • Spawn Location: 7:00

Grumm - Winner!

  • Race: Zerg Zerg
  • League: Gold
  • Spawn Location: 1:00

reckless - Winner!

  • Race: Terran Terran
  • League: Gold
  • Spawn Location: 12:00

Skalinas - Winner!

  • Race: Terran Terran
  • League: Diamond
  • Spawn Location: 1:00

VOD

Have the link to the VOD?

Description

Time

  • Played on: Feb. 17, 2016, 2:52 a.m.
  • Length: 11:04
Show
View Real Time Build Order
Export as new Build Order

Xplod Terran 

Build Orders: MMM Bio 

Get SALT Encoding   

  12  0:02  SCV  
  13  0:14  SCV  
  14  0:21  Supply Depot  
  14  0:26  SCV  
  15  0:43  SCV  
  15  0:45  Refinery  
  15  0:49  Barracks  
  16  1:03  SCV  
  17  1:15  SCV  
  18  1:21  Barracks  
  18  1:27  SCV  
  19  1:37  Supply Depot  
  19  1:41  Barracks Tech Lab  
  19  1:57  Command Center  
  19  2:03  Marauder  
  19  2:06  SCV  
  22  2:10  Marine  
  23  2:18  SCV  
  24  2:23  Stimpack  
  24  2:26  Marine  
  24  2:29  Marine  
  26  2:39  Orbital Command  
  26  2:47  Marauder  
  28  2:53  Refinery  
  28  3:01  Engineering Bay  
  28  3:05  SCV  
  28  3:11  Barracks Reactor  
  28  3:12  Marine  
  30  3:17  SCV  
  30  3:18  SCV  
  32  3:31  Factory  
  32  3:34  Missile Turret  
  32  3:36  SCV  
  32  3:39  SCV  
  34  3:49  Missile Turret  
  34  3:50  Marine  
  34  3:51  Marine  
  36  4:06  Factory  
  36  4:16  SCV x2  
  38  4:44  Combat Shields  
  38  4:46  Factory Tech Lab  
  38  4:54  Barracks  
  38  4:55  Marine x2  
  40  5:06  SCV  
  40  5:07  Missile Turret, SCV  
  42  5:09  Factory Tech Lab  
  42  5:15  Siege Tank  
  42  5:18  SCV  
  46  5:22  Orbital Command  
  46  5:24  Starport  
  46  5:31  Sensor Tower, Marine x3  
  46  5:35  Siege Tank  
  52  5:43  Supply Depot, Barracks Reactor  
  52  5:45  SCV  
  52  5:48  Marine  
  54  6:03  Starport Reactor  
  54  6:04  Marine, SCV  
  54  6:10  Supply Depot  
  56  6:16  SCV  
  57  6:18  Marine  
  57  6:19  Marine  
  57  6:20  Refinery, Marine  
  57  6:22  Refinery, Marine  
  61  6:27  Missile Turret  
  55  7:10  Medivac x2  
  55  7:12  Marine x5  
  55  7:15  Siege Tank x2  
  70  7:29  Marine  
  64  7:39  Marine x4  
  64  7:44  Viking x2  
  70  7:47  Marine, Siege Tank  
  76  7:57  Marine  
  63  8:23  SCV  
  63  8:24  Marine, SCV  
  63  8:25  Marine x3  
  56  8:51  Marine  
  56  8:52  Marine x4  
  56  8:54  Siege Tank  
  56  8:55  Siege Tank  
  67  8:57  Viking x2  
  71  9:09  Marine x2  
  72  9:10  Marine  
  74  9:19  SCV x2  
  74  9:20  Marine x2  
  76  9:27  Marine x2  
  77  9:39  SCV  
  83  9:45  Viking  
  78  9:56  Viking  
  69  10:06  Marine x3  
  66  10:07  Marine x2  
  33  10:30  Medivac x2  
Show
View Real Time Build Order
Export as new Build Order

Revenant Terran 

Build Orders:  

Get SALT Encoding   

  12  0:01  SCV  
  13  0:13  SCV  
  14  0:19  Supply Depot  
  14  0:25  SCV  
  15  0:40  SCV  
  16  0:43  Barracks  
  16  0:52  SCV  
  16  0:53  Refinery  
  17  1:05  SCV  
  17  1:08  Supply Depot  
  18  1:17  SCV  
  19  1:32  Orbital Command  
  19  1:34  Marine  
  20  1:54  Command Center  
  20  1:59  Marine  
  21  2:08  Supply Depot  
  21  2:17  Marine  
  21  2:22  SCV  
  23  2:29  Factory  
  23  2:35  Marine  
  24  2:39  SCV  
  25  2:49  Refinery  
  25  2:51  SCV  
  26  2:52  Marine  
  26  2:53  Supply Depot  
  26  2:56  Supply Depot  
  27  3:01  Supply Depot  
  27  3:05  SCV  
  28  3:13  Orbital Command  
  28  3:17  SCV  
  28  3:18  Marine  
  30  3:23  Factory Tech Lab  
  30  3:32  Bunker  
  30  3:44  Engineering Bay  
  30  3:51  Marine  
  30  3:53  Supply Depot, Siege Tank  
  34  3:56  SCV  
  34  4:01  Refinery  
  36  4:02  SCV  
  36  4:09  Marine, SCV  
  38  4:15  SCV  
  39  4:27  Missile Turret  
  39  4:47  Siege Tank  
  39  4:52  SCV  
  43  4:56  SCV  
  44  5:04  SCV  
  44  5:06  Bunker  
  45  5:08  SCV  
  45  5:14  Supply Depot  
  46  5:15  Marine  
  46  5:16  SCV  
  46  5:20  SCV  
  49  5:24  Missile Turret  
  49  5:27  Siege Tank  
  52  5:32  Marine  
  53  5:36  Starport  
  53  5:45  Missile Turret  
  53  6:00  Siege Tank  
  53  6:04  SCV  
  57  6:05  SCV  
  57  6:09  Refinery  
  58  6:16  SCV  
  58  6:17  SCV  
  60  6:23  Starport Reactor  
  60  6:24  Armory  
  60  6:29  SCV  
  60  6:32  Siege Tank  
  64  7:04  SCV  
  65  7:16  SCV  
  65  7:19  Armory  
  65  7:20  SCV  
  67  7:23  Viking  
  67  7:24  Viking  
  67  7:28  SCV  
  72  7:32  SCV  
  73  7:40  SCV  
  73  7:44  SCV  
  75  7:56  Viking x2  
  77  8:26  Viking x2  
  68  9:00  Viking x2  
  70  9:04  Siege Tank  
  73  9:10  Factory  
  73  9:12  Factory  
  73  9:14  Starport  
  73  9:22  Command Center  
  73  9:33  Viking x2  
  73  9:36  Siege Tank  
  74  10:00  Marine  
  74  10:03  Starport Reactor  
  74  10:04  Factory Tech Lab x2  
  74  10:08  Siege Tank  
  61  10:18  Marine  
  59  10:36  Marine  
Show
View Real Time Build Order
Export as new Build Order

Munir Protoss 

Build Orders: 1 Gate Expand, Forge Fast Expand (FFE) 

Get SALT Encoding   

  12  0:02  Probe (Chrono Boost)  
  13  0:13  Probe (Chrono Boost)  
  14  0:21  Pylon  
  14  0:23  Probe (Chrono Boost)  
  15  0:39  Probe (Chrono Boost)  
  15  0:42  Forge  
  16  0:51  Gateway  
  16  0:53  Probe (Chrono Boost)  
  17  1:23  Probe (Chrono Boost)  
  18  1:26  Nexus  
  18  1:38  Cybernetics Core  
  18  1:42  Assimilator  
  18  1:45  Assimilator  
  18  1:46  Probe (Chrono Boost)  
  19  2:10  Probe (Chrono Boost)  
  20  2:16  Photon Cannon  
  20  2:20  Warp Gate  
  20  2:22  Pylon  
  20  2:23  Probe (Chrono Boost)  
  21  2:39  Mothership Core (Chrono Boost)  
  21  2:40  Probe (Chrono Boost)  
  24  2:50  Stalker  
  26  2:53  Probe (Chrono Boost)  
  27  3:07  Probe x2 (Chrono Boost)  
  27  3:11  Pylon  
  29  3:15  Photon Cannon  
  29  3:18  Probe x2 (Chrono Boost)  
  31  3:27  Adept  
  33  3:36  Pylon  
  33  3:38  Gateway  
  33  3:41  Gateway  
  33  3:50  Gateway  
  33  3:52  Protoss Ground Weapons Level 1 (Chrono Boost)  
  33  3:54  Probe (Chrono Boost)  
  34  3:56  Probe (Chrono Boost)  
  35  4:10  Probe x2 (Chrono Boost)  
  35  4:15  Photon Cannon  
  37  4:19  Probe (Chrono Boost)  
  37  4:21  Probe  
  39  4:43  Pylon  
  39  4:51  Adept x2  
  43  4:55  Stalker x2  
  47  5:01  Probe  
  47  5:02  Probe  
  47  5:04  Assimilator  
  47  5:06  Assimilator  
  49  5:07  Pylon  
  49  5:08  Twilight Council  
  49  5:11  Probe  
  50  5:14  Probe  
  50  5:19  Zealot x2  
  50  5:20  Stalker x2  
  59  5:22  Probe  
  59  5:26  Probe  
  61  5:33  Probe  
  62  5:39  Probe  
  62  5:42  Protoss Shields Level 1 (Chrono Boost)  
  63  5:43  Probe  
  63  5:49  Dark Shrine  
  64  5:50  Resonating Glaives  
  64  5:51  Probe  
  65  6:38  Adept x4  
  73  7:10  Dark Templar x2  
  73  7:15  Pylon  
  77  7:16  Pylon  
  77  7:18  Pylon  
  77  7:25  Protoss Ground Weapons Level 2 (Chrono Boost)  
  77  7:50  Nexus  
  75  7:53  Pylon  
  75  7:56  Pylon  
  75  8:21  Adept x4  
  79  8:41  Stalker x3  
  79  8:42  Stalker  
  85  8:49  Gateway  
  85  8:51  Gateway  
  85  8:52  Gateway  
  85  8:53  Blink  
  85  8:54  Gateway  
  85  8:55  Gateway  
  85  8:58  Pylon  
  67  9:16  Stalker x3  
  71  9:17  Stalker  
  73  9:31  Probe  
  73  9:32  Probe x2  
  76  9:41  Assimilator  
  76  9:45  Assimilator  
  62  10:17  Dark Templar x3  
  62  10:18  Dark Templar  
Show
View Real Time Build Order
Export as new Build Order

Grumm Zerg - Winner!

Build Orders: Hatch First 

Get SALT Encoding   

  12  0:01  Drone  
  13  0:35  Drone, Hatchery  
  13  0:41  Drone  
  14  0:46  Overlord  
  14  1:05  Spawning Pool  
  14  1:08  Drone  
  14  1:20  Drone  
  14  1:21  Drone x2  
  17  1:27  Extractor  
  16  1:43  Drone  
  16  1:44  Drone  
  18  1:52  Roach Warren  
  17  1:55  Drone x2  
  19  2:03  Extractor  
  19  2:08  Queen  
  20  2:19  Queen  
  22  2:24  Drone  
  23  2:31  Drone x2  
  23  2:34  Drone  
  26  2:42  Overlord  
  26  2:50  Drone  
  27  2:53  Overlord  
  27  2:58  Drone  
  28  3:11  Roach  
  28  3:12  Lair  
  30  3:13  Drone  
  30  3:15  Drone  
  32  3:26  Drone  
  32  3:27  Drone x3  
  34  3:29  Drone  
  37  3:39  Extractor  
  37  3:41  Drone x3  
  38  3:42  Drone, Extractor  
  38  3:48  Evolution Chamber  
  38  3:51  Drone x2  
  40  3:58  Pneumatized Carapace  
  40  4:00  Drone x2  
  42  4:09  Drone  
  43  4:10  Drone  
  43  4:11  Overlord  
  44  4:35  Zerg Missile Weapons Level 1  
  44  4:39  Infestation Pit  
  44  4:43  Drone, Evolution Chamber  
  44  4:44  Drone x6  
  49  4:54  Overlord  
  49  4:56  Drone  
  49  4:57  Drone x2  
  52  5:07  Nydus Network  
  51  5:11  Drone  
  52  5:14  Drone x3  
  55  5:31  Drone, Spore Crawler  
  55  5:36  Overlord x2  
  55  5:39  Overlord  
  55  5:40  Hatchery  
  55  5:41  Zerg Ground Armor Level 1  
  54  5:43  Hive  
  54  6:14  Queen  
  56  6:23  Overlord  
  56  6:24  Overlord  
  56  6:44  Overlord x2  
  56  6:56  Drone x5  
  56  6:57  Drone x11, Extractor  
  56  6:58  Extractor  
  70  7:10  Ultralisk Cavern  
  70  7:11  Zerg Melee Weapons Level 1  
  70  7:15  Burrow  
  69  7:34  Drone  
  70  7:38  Zerg Ground Armor Level 2  
  70  8:13  Ultralisk  
  70  8:14  Ultralisk x7  
  70  8:15  Overlord  
  70  8:16  Overlord x2  
  70  8:17  Chitinous Plating  
  118  8:48  Overlord  
  118  8:49  Ultralisk  
  118  8:50  Ultralisk x2  
  136  8:58  Hatchery  
  135  9:07  Overlord x3  
  135  9:09  Ultralisk  
  141  9:47  Extractor  
  141  9:49  Ultralisk  
  141  9:50  Ultralisk x2  
  141  9:51  Overlord x2, Extractor  
  141  9:52  Overlord x2  
  157  10:05  Nydus Canal  
  157  10:06  Zergling x2  
  152  10:07  Zergling x24  
  152  10:17  Roach  
  152  10:18  Roach  
  162  10:29  Zergling x4  
  170  10:45  Zergling x12  
Show
View Real Time Build Order
Export as new Build Order

reckless Terran - Winner!

Build Orders: MMM Bio 

Get SALT Encoding   

  12  0:01  SCV  
  13  0:13  SCV  
  14  0:18  Supply Depot  
  14  0:25  SCV  
  15  0:40  SCV  
  16  0:46  Barracks  
  16  0:50  Refinery  
  16  0:53  Refinery  
  16  0:54  SCV  
  17  1:06  SCV  
  18  1:18  SCV  
  19  1:30  SCV  
  20  1:34  Marine  
  21  1:44  Factory  
  21  1:46  Orbital Command  
  21  1:51  Marine  
  22  2:01  Bunker  
  22  2:09  Marine  
  22  2:13  Supply Depot  
  22  2:15  Supply Depot  
  23  2:30  Starport  
  23  2:34  Widow Mine, Marine  
  26  2:45  Engineering Bay  
  26  2:57  Marine  
  27  3:03  Widow Mine  
  29  3:09  Medivac  
  31  3:14  Missile Turret, Marine  
  32  3:34  Marine  
  33  3:39  Medivac  
  35  3:58  Command Center  
  35  4:09  SCV  
  36  4:11  Marine  
  37  4:21  SCV  
  38  4:28  Marine  
  39  4:34  SCV  
  33  4:45  Factory Tech Lab  
  32  4:46  Starport Tech Lab, SCV  
  34  4:55  Barracks  
  34  4:58  Barracks Tech Lab  
  34  4:59  Barracks  
  33  5:00  Barracks  
  33  5:06  Raven  
  35  5:21  Combat Shields  
  35  5:29  Orbital Command, Missile Turret  
  35  5:36  SCV  
  36  5:43  Siege Tank  
  36  5:48  Marauder, SCV  
  36  5:49  Barracks Reactor  
  42  5:51  Barracks Reactor  
  42  5:57  Barracks Reactor, SCV  
  43  6:00  SCV  
  44  6:09  SCV  
  44  6:10  Marine  
  46  6:12  SCV  
  47  6:20  Siege Tank  
  47  6:24  SCV  
  51  6:27  Marine  
  52  6:40  Stimpack  
  52  6:45  Marine  
  52  7:03  Marine  
  53  7:16  Supply Depot, Marine  
  53  7:20  Supply Depot  
  53  7:21  Supply Depot  
  53  7:22  Supply Depot  
  54  7:29  Marine x2  
  54  7:38  Viking, Marine x5  
  54  7:43  Supply Depot  
  61  7:47  Marine  
  62  7:55  Marine x2  
  62  7:57  Siege Tank  
  65  8:08  Viking  
  65  8:10  Marine  
  65  8:11  Marine x4  
  72  8:13  Marine x2  
  71  8:28  Marine  
  71  8:29  Marine x4, Siege Tank  
  71  8:31  Marine x2  
  81  8:38  Viking  
  83  8:46  Marine  
  83  8:47  Marine  
  85  9:01  Siege Tank  
  88  9:08  Viking  
  85  9:33  Siege Tank  
  85  9:38  Viking  
  64  10:05  Siege Tank  
  64  10:07  Medivac  
  66  10:17  Marine  
  66  10:18  Marine x6  
  73  10:35  Marine  
  73  10:36  Marine x6  
  85  10:43  Refinery x2  
Show
View Real Time Build Order
Export as new Build Order

Skalinas Terran - Winner!

Build Orders:  

Get SALT Encoding   

  12  0:06  SCV  
  13  0:20  SCV  
  14  0:24  Supply Depot  
  14  0:32  SCV  
  15  0:46  SCV  
  15  0:47  Barracks  
  16  0:58  SCV  
  17  1:10  SCV  
  18  1:20  Command Center  
  18  1:24  SCV  
  19  1:33  Marine  
  19  1:36  Refinery  
  20  1:42  Orbital Command  
  20  1:51  Marine  
  21  1:54  Refinery  
  21  2:05  Supply Depot  
  21  2:08  SCV  
  22  2:09  Marine  
  23  2:26  SCV  
  23  2:27  Marine  
  25  2:35  Factory  
  25  2:36  Orbital Command  
  25  2:42  SCV  
  26  2:45  Marine  
  27  2:55  SCV  
  28  3:02  Marine  
  28  3:04  SCV  
  30  3:08  SCV  
  31  3:16  SCV  
  32  3:23  SCV  
  32  3:25  Starport, Hellion  
  35  3:27  Marine  
  35  3:30  SCV  
  37  3:36  SCV  
  38  3:43  SCV  
  38  3:47  Barracks Reactor  
  41  3:49  Factory Tech Lab  
  41  3:51  SCV  
  40  3:56  SCV  
  40  3:58  Command Center  
  41  4:04  SCV  
  41  4:06  Medivac  
  44  4:11  Supply Depot  
  44  4:12  SCV  
  44  4:16  Starport  
  45  4:21  SCV  
  46  4:27  Supply Depot, Marine x2  
  46  4:33  SCV, Siege Tank  
  46  4:37  Refinery  
  50  4:39  Refinery  
  50  4:43  Engineering Bay  
  50  4:44  Armory  
  50  4:45  SCV  
  51  4:46  Marine, Armory  
  51  4:50  SCV  
  53  4:53  Starport Tech Lab  
  53  4:54  Starport Reactor  
  53  4:55  Marine  
  54  5:01  SCV  
  54  5:04  SCV  
  56  5:09  Orbital Command  
  56  5:12  Marine, Siege Tank  
  56  5:13  SCV  
  61  5:18  SCV  
  62  5:24  Supply Depot  
  62  5:28  Marine, SCV  
  63  5:29  Banshee  
  63  5:30  Missile Turret  
  63  5:33  Terran Ship Weapons Level 1  
  67  5:39  Terran Vehicle And Ship Armor Level 1  
  67  5:41  SCV x3  
  70  5:47  Marine x2  
  70  5:49  Viking  
  74  5:53  SCV x2  
  74  5:56  SCV  
  77  6:01  Refinery  
  77  6:02  Starport  
  77  6:06  Marine x2  
  77  6:08  SCV x2  
  81  6:13  Supply Depot x2  
  81  6:19  Supply Depot  
  81  6:21  SCV x3  
  81  6:25  Marine x2, Siege Tank  
  86  6:26  Viking x2  
  93  6:34  Banshee  
  95  6:43  SCV  
  95  6:44  Marine, SCV x2  
  95  6:45  Starport Tech Lab, Marine  
  95  6:57  Viking x2  
  95  6:59  SCV x3  
  95  7:01  Siege Tank  
  86  7:02  Marine  
  86  7:03  Marine  
  86  7:05  Banshee  
  91  7:10  Refinery  
  91  7:11  SCV  
  92  7:20  Supply Depot, SCV x2  
  92  7:21  Marine x2  
  92  7:22  Banshee  
  99  7:30  Barracks  
  99  7:38  Siege Tank  
  102  7:48  Marine x2  
  102  7:49  Banshee, Viking x2  
  101  8:20  SCV x3  
  101  8:21  Marine x2  
  101  8:22  Banshee, Viking, Siege Tank  
  101  8:23  Viking  
  112  8:37  Banshee  
  111  8:42  Barracks Tech Lab  
  111  8:43  Marine x2  
  110  8:54  Viking x2  
  110  9:01  SCV x3  
  113  9:04  Marauder, Marine  
  113  9:05  Marine  
  113  9:14  Siege Tank  
  113  9:15  Banshee  
  116  9:26  Marauder  
  118  9:31  Marine x2  
  118  9:32  Viking x2  
  124  9:45  Banshee  
  125  9:47  Command Center  
  125  9:48  Marine  
  125  9:49  Marine  
  123  9:53  Siege Tank  
  121  10:05  Marine  
  121  10:06  Banshee, Viking  
  125  10:10  Marine x2  
  124  10:14  Viking  
  118  10:22  SCV  
  118  10:23  Marine, SCV x2  
  125  10:41  Refinery  
  125  10:46  Supply Depot  
  125  10:48  Supply Depot  
  125  10:50  Supply Depot  
Tags
 
Add a new tag
Caveats
  • Supply blocks, unpowered buildings, or Contaminate may cause inaccurate times.
  • Supply counts are checked every 10 seconds.